 Dungeon Crawl Stone Soup version 0.17-a0-2215-g49c1de0 (webtiles) character file.

86 septik the Cudgeler (level 4, 0/40 HPs)
             Began as a Minotaur Berserker on Oct 27, 2015.
             Was a Believer of Trog.
             Slain by Grinder (5 damage)
             ... on level 3 of the Dungeon.
             The game lasted 00:03:30 (1677 turns).

septik the Cudgeler (Minotaur Berserker)            Turns: 1677, Time: 00:03:30

Health: 0/40       AC:  2    Str: 23    XL:     4   Next: 26%
Magic:  3/3        EV:  9    Int:  4    God:    Trog [**....]
Gold:   115        SH: 10    Dex:  9    Spells: 0 memorised, 3 levels left

rFire  . . .     SeeInvis .     o - +0 whip
rCold  . . .     Clarity  .     b - +0 animal skin
rNeg   . . .     SustAt   .     l - +2 shield
rPois  .         Gourm    .     (helmet restricted)
rElec  .         Spirit   .     (no cloak)
rCorr  .         Warding  .     (no gloves)
rMut   .         Stasis   .     (no boots)
MR     .....                    (no amulet)
Stlth  +.........               (no ring)
                                (no ring)

@: exhausted, flying, very slightly contaminated, slowed, invisible, very slow,
not resistant to hostile enchantments, very unstealthy
A: retaliatory headbutt, horns 2
a: Berserk, Trog's Hand, Burn Spellbooks, Renounce Religion


You were on level 3 of the Dungeon.
You worshipped Trog.
Trog was pleased with you.
You were very hungry.

You visited 1 branch of the dungeon, and saw 3 of its levels.

You collected 115 gold pieces.

Inventory:

Hand Weapons
 a - a +0 mace
 o - a +0 whip (weapon)
Armour
 b - a +0 animal skin (worn)
 l - a +2 shield (worn)
Scrolls
 g - 2 scrolls of noise {unknown}
 h - a scroll of magic mapping {unknown}
 j - 2 scrolls of identify {unknown}
 m - 2 scrolls of enchant armour {unknown}
 p - a scroll of random uselessness {unknown}
 r - a scroll of remove curse {unknown}
 t - a scroll of fog {unknown}
Potions
 d - a potion of cure mutation
 i - a potion of cancellation {unknown}
 k - a potion of invisibility
 n - a potion of flight
 u - a potion of heal wounds {unknown}
Comestibles
 c - 3 bread rations
 f - 2 beef jerkies
 q - a meat ration
 s - 12 chunks of flesh


   Skills:
 - Level 3.8 Fighting
 * Level 5.3 Maces & Flails
 - Level 2.4 Armour
 - Level 2.4 Dodging
 + Level 2.2 Shields


You had 3 spell levels left.
You didn't know any spells.

Dungeon Overview and Level Annotations

Branches:
Dungeon (3/15)

Altars:
Elyvilon

Annotations:
D:3 Grinder


Innate Abilities, Weirdness & Mutations

You reflexively headbutt those who attack you in melee.
You have a pair of horns on your head.


Message History

It was a potion of flight.
You feel very buoyant.
You fly up into the air.
* * * LOW HITPOINT WARNING * * *
You feel sick.
The kobold unwields an uncursed blowgun.
The kobold barely misses you.
Drink which item? (? for menu, Esc to quit)
It was a potion of curing.
You feel better. The kobold hits you but does no damage.
You miss the kobold. Your headbutt misses the kobold.
The kobold is almost dead.
The kobold closely misses you. You furiously retaliate!
You headbutt the kobold.
You kill the kobold!
Trog accepts your kill. Grinder hits you.
* * * LOW HITPOINT WARNING * * *
You writhe in agony.
You die...

#..(# . #...####.# ... ..#
....).....# ... ..#
..........# .. .. ...#
..........###' ### .......
....#.##.##>.. #.# .#.....
..).#.# ..... #.# .......
.)).#.# #..###(###K#.⌠.⌠.
....#.# #...##@#((.......
....#.# #.....5((..#.....
......# ##.(((())....._..
.....######..........#.....
...........................
.....#####......(....#.⌠.⌠.
.....###.......###.........
......##........###..#.....
#####.##........# .......


You could see Grinder.

Vanquished Creatures
  Terence (D:3)
  A gnoll (D:1)
  An adder (D:2)
  2 giant geckos (D:3)
  3 orcs (D:3)
  A ball python (D:1)
  A goblin (D:1)
  4 hobgoblins
  A quokka (D:3)
  5 bats
  14 kobolds
  5 rats
39 creatures vanquished.

Notes
Turn   | Place    | Note
--------------------------------------------------------------
     0 | D:1      | septik the Minotaur Berserker began the quest for the Orb.
     0 | D:1      | Reached XP level 1. HP: 19/19 MP: 0/0
   125 | D:1      | Reached XP level 2. HP: 22/27 MP: 1/1
   206 | D:1      | Reached skill level 4 in Maces & Flails
   407 | D:1      | HP: 1/27 [gnoll/halberd (12)]
   410 | D:1      | Reached skill level 1 in Shields
   821 | D:2      | Reached XP level 3. HP: 31/33 MP: 2/2
  1432 | D:3      | Noticed Terence
  1437 | D:3      | Killed Terence
  1437 | D:3      | Reached skill level 5 in Maces & Flails
  1437 | D:3      | Reached XP level 4. HP: 33/40 MP: 3/3
  1439 | D:3      | Reached ** piety under Trog
  1641 | D:3      | Noticed Grinder
  1644 | D:3      | Found a white marble altar of Elyvilon.
  1662 | D:3      | Paralysed by Grinder for 3 turns
  1674 | D:3      | HP: 2/40 [poisoned by a kobold]
  1677 | D:3      | Slain by Grinder

Vault maps used:
D:1:      dpeg_arrival_pond
D:3:      cheibriados_altar_wand_db, vehumet_altar_wand_db, elyvilon_altar_5,
          uniq_terence, uniq_grinder

Action                   |  1- 3 |  4- 6 || total
-------------------------+-------+-------++-------
Melee: Mace              |    28 |       ||    28
       Whip              |    27 |    46 ||    73
Invok: Berserk           |     1 |     1 ||     2
  Use: Potion            |       |     4 ||     4
  Eat: Chunk             |     3 |       ||     3
